 Dungeon Crawl Stone Soup version 0.21-a0-632-g1e37ce5 (webtiles) character file.

189 shenanigans the Skirmisher (level 5, -1/42 HPs)
             Began as a Barachi Skald on Dec 28, 2017.
             Succumbed to an orc wizard's poison
             ... on level 3 of the Dungeon.
             The game lasted 00:09:47 (4197 turns).

shenanigans the Skirmisher (Barachi Skald)          Turns: 4197, Time: 00:09:48

Health: -1/42      AC:  6    Str: 17 (18) XL:     5   Next: 68%
Magic:  7/8        EV: 12    Int: 14      God:
Gold:   114        SH:  0    Dex: 10 (11) Spells: 7/8 levels left

rFire    . . .     SeeInvis .   a - +1 hand axe
rCold    + . .     Gourm    .   (no shield)
rNeg     . . .     Faith    .   b - +0 leather armour
rPois    .         Spirit   .   n - +2 helmet
rElec    .         Reflect  .   (no cloak)
rCorr    .         Harm     .   (no gloves)
MR       +....                  (no boots)
Stlth    +.........             j - amulet of magic regeneration
HPRegen  0.14/turn              k - ring of protection from cold
MPRegen  0.36/turn              m - ring of protection from magic

@: mighty, lethally poisoned (-1 -> -35), infused, drained, slow
A: +LOS, swims, slowness 1, strong legs 1
a: Hop


You were on level 3 of the Dungeon.
You were hungry.

You visited 1 branch of the dungeon, and saw 4 of its levels.

You collected 114 gold pieces.

Inventory:

Hand Weapons
 a - a +1 hand axe (weapon)
 s - a +0 vampiric whip
Armour
 b - a +0 leather armour (worn)
 n - a +2 helmet (worn)
Jewellery
 j - an amulet of magic regeneration (around neck)
 k - a ring of protection from cold (left hand)
 m - a ring of protection from magic (right hand)
Scrolls
 e - 2 scrolls of enchant weapon
 g - a scroll of remove curse
 l - 2 scrolls of enchant armour {unknown}
 r - 2 scrolls of amnesia {unknown}
 t - 2 scrolls of teleportation {unknown}
 u - a scroll of magic mapping {unknown}
Potions
 h - a potion of brilliance {unknown}
 i - a potion of lignification {unknown}
 o - a potion of curing {unknown}
 p - a potion of invisibility
 q - a potion of flight
Books
 c - a book of Battle

   Spells                             Type                      Level
   a - Infusion                       Charms                       1
   b - Shroud of Golubria             Charms/Translocation         2
   c - Song of Slaying                Charms                       2
   d - Spectral Weapon                Hexes/Charms                 3
   e - Regeneration                   Charms/Necromancy            3
Comestibles
 d - 4 rations


   Skills:
 + Level 4.1(3.1) Fighting
 + Level 3.6(2.6) Axes
 + Level 3.3(2.3) Armour
 + Level 3.5(2.6) Dodging
 - Level 2.1(1.3) Spellcasting
 - Level 3.2(2.3) Charms


You had 7 spell levels left.
You knew the following spells:

 Your Spells              Type           Power        Failure   Level  Hunger
a - Infusion              Chrm           #...         12%         1    ##.....


Dungeon Overview and Level Annotations

Branches:
Dungeon (4/15)
 Temple: D:4-7

Altars:


Innate Abilities, Weirdness & Mutations

Shadows flee at your approach. (+LOS)
You can swim through water.
You cover ground slowly.
You can hop short distances.


Message History

You are more poisoned.
You feel very sick.
You hear some strange, mumbled words.
A puff of flame appears from out of thin air!
The puff of flame misses you.
You feel very sick.
A magic dart appears from out of thin air!
The magic dart hits you!
* * * LOW HITPOINT WARNING * * *
* * * LOW HITPOINT WARNING * * *
You feel very sick. Something hits you but does no damage.
You are more poisoned.
You closely miss something.
* * * LOW HITPOINT WARNING * * *
You feel very sick.
You hear some strange, mumbled words.
Something tries to affect you, but you resist.
You hit something!
You die...

##'## #.#...# #(#
#.#.#.# #)# #.....#
##.## ###.###
##...## #.# #.....#
#.# #[###.# #.# #.#
#.##########.#
###.###.......)>@..#
.†.....#############
########


There were no monsters in sight!

Vanquished Creatures
  An orc wizard (D:3)
  A worker ant (D:3)
  Robin (D:3)
  2 adders (D:2)
  2 worms
  A dart slug (D:3)
  A leopard gecko (D:1)
  12 orcs (D:3)
  A ball python (D:1)
  11 bats
  2 giant cockroaches
  11 hobgoblins
  4 jackals (D:1)
  5 kobolds
  5 frilled lizards
  18 goblins
  12 rats
90 creatures vanquished.

Notes
Turn   | Place    | Note
-------+----------+-------------------------------------------
     0 | D:1      | shenanigans the Barachi Skald began the quest for the Orb.
     0 | D:1      | Reached XP level 1. HP: 17/17 MP: 3/3
    34 | D:1      | Reached XP level 2. HP: 9/23 MP: 5/5
  1104 | D:1      | Reached XP level 3. HP: 13/28 MP: 6/6
  1109 | D:1      | Reached skill level 3 in Fighting
  2166 | D:2      | Reached XP level 4. HP: 26/35 MP: 7/7
  2380 | D:2      | Found a faded altar of an unknown god.
  3078 | D:3      | Reached XP level 5. HP: 24/42 MP: 5/8
  3633 | D:3      | Noticed Robin
  3639 | D:3      | Killed Robin
  3970 | D:3      | Reached skill level 4 in Fighting
  4189 | D:3      | HP: 2/42 [poisoned by an orc wizard]
  4197 | D:3      | Succumbed to an orc wizard's poison

Vault maps used:
D:1:      dpeg_arrival_line_fractal, serial_bayou_ford_a
D:2:      chequers_ecumenical_altar_lobes
D:3:      uniq_robin
D:4:      st_stairs_8

Skill      XL: |  1  2  3  4  5 |
---------------+----------------+-----
Armour         | 2 3 |  3.3
Fighting       | 3 4 |  4.1
Dodging        | 3 |  3.5
Axes           | 3 |  3.6
Spellcasting   | |  2.1
Charms         | |  3.2

Action                   |  1- 3 |  4- 6 || total
-------------------------+-------+-------++-------
Melee: Hand axe          |   195 |   176 ||   371
 Cast: Infusion          |     1 |    14 ||    15
 Abil: Hop               |       |     1 ||     1
  Use: Scroll            |       |     5 ||     5
       Potion            |       |     5 ||     5
  Eat: Chunk             |     5 |     7 ||    12
Armor: Leather armour    |    81 |    53 ||   134
Dodge: Dodged            |   164 |   118 ||   282

Table legend:
 A = Spawn XP
 B = Non-spawn XP
 C = Spawn XP percentage of total XP
 D = Spawn monster count
 E = Non-spawn monster count
 F = Spawn count percentage of total count
 G = Total turns spent on level
                    A         B        C        D         E        F      G
               +---------+---------+-------+---------+---------+-------+---------
         Total |       0 |     271 |   0.0 |       0 |      90 |   0.0 |  4197
               +---------+---------+-------+---------+---------+-------+---------
           D:1 |       0 |      45 |   0.0 |       0 |      27 |   0.0 |  1673
           D:2 |       0 |      60 |   0.0 |       0 |      22 |   0.0 |   910
           D:3 |       0 |     164 |   0.0 |       0 |      40 |   0.0 |  1570
           D:4 |       0 |       2 |   0.0 |       0 |       1 |   0.0 |    44
               +---------+---------+-------+---------+---------+-------+---------
